 Dungeon Sprint DCSS version 0.30.1-4-g462c640d31 (webtiles) character file.

Game seed: 17945388533309725377

595 Heoruswealwe the Grappler (level 7, -8/78 HPs)
             Began as a Troll Berserker on Aug 16, 2023.
             Was a Priest of Trog.
             Mangled by a centaur warrior (14 damage)
             ... in the Dungeon (Sprint I: "Red Sonja").
             The game lasted 00:02:20 (203 turns).

Heoruswealwe the Grappler (Troll Berserker)          Turns: 203, Time: 00:02:21

Health: -8/78      AC:  4    Str: 28    XL:     7   Next: 17%
Magic:  6/6        EV: 11    Int:  3    God:    Trog [***...]
Gold:   418        SH:  0    Dex:  9    Spells: 6/6 levels left

rFire   . .          .
                       - Unarmed
rCold   . . .        (no shield)
rNeg    . . .        a - +0 animal skin
rPois   .            (helmet restricted)
rElec   .            (no cloak)
rCorr   .            (gloves unavailable)
SInv    .            (boots unavailable)
Will    .....        (no amulet)
Stlth   +            (no ring)
HPRegen 1.13/turn    (no ring)
MPRegen 0.10/turn

%: no teleportation
@: no status effects
A: large, unfitting armour, claws 3, regeneration 1, shaggy fur 1, tough skin 1
a: Renounce Religion, Berserk, Trog's Hand


You were in the Dungeon.
You worshipped Trog.
Trog was most pleased with you.
You visited 1 branch You collected 418 gold pieces.

Inventory:

Armour
 a - a +0 animal skin (worn)
Wands
 h - a wand of roots (4)
Scrolls
 g - a scroll of blinking
Potions
 b - a potion of curing
 d - a potion of haste
 e - 2 potions of magic
 f - a potion of berserk rage
 i - a potion of degeneration {unknown}


   Skills:
 + Level 7.0 Fighting
 + Level 7.0 Dodging
 * Level 11.4 Unarmed Combat


You had 6 spell levels left.
You didn't know any spells.
Your spell library was empty.

Dungeon Overview and Level Annotations

Branches:
Dungeon (1/1)

Altars:
Cheibriados
Dithmenos
Elyvilon
Fedhas
Gozag
Hepliaklqana
Kikubaaqudgha
Makhleb
Nemelex Xobeh
Okawaru
Qazlal
Ru
Sif Muna
Trog
Uskayaw
Vehumet
Wu Jian
Xom
Yredelemnul
Zin
The Shining One
Jiyva
Lugonu

Shops:
D :


Innate Abilities, Weirdness & Mutations

You are too large for most types of armour.
You have claws for hands.
Your natural rate of healing is unusually fast.
You are covered in fur. (AC +1)
You have tough skin. (AC +1)


Message History

The centaur warrior unwields a +0 shortbow.
The centaur warrior hits you!
The centaur warrior kicks you but does no damage.
The centaur warrior unwields a +0 shortbow.
The centaur warrior hits you! The centaur warrior kicks you.
You scratch the centaur warrior.
The centaur warrior is lightly wounded.
The centaur warrior hits you. The centaur warrior misses you.
The centaur warrior hits you. The centaur warrior closely misses you.
You claw the centaur warrior!
The centaur warrior is moderately wounded.
The centaur warrior hits you.
The centaur warrior kicks you but does no damage.
The centaur warrior misses you.
The centaur warrior kicks you but does no damage.
The centaur warrior hits you!
* * * LOW HITPOINT WARNING * * *
The centaur warrior kicks you but does no damage.
You feel much better. The centaur warrior hits you!
The centaur warrior kicks you but does no damage.
The centaur warrior hits you!
* * * LOW HITPOINT WARNING * * *
The centaur warrior kicks you but does no damage.
The centaur warrior hits you but does no damage.
The centaur warrior kicks you but does no damage.
You barely miss the centaur warrior. You claw the centaur warrior!!
The centaur warrior is almost dead.
The centaur warrior hits you.
* * * LOW HITPOINT WARNING * * *
The centaur warrior kicks you but does no damage.
The centaur warrior hits you!
* * * LOW HITPOINT WARNING * * *
The centaur warrior closely misses you.
You barely miss the centaur warrior.
The centaur warrior is severely wounded.
The centaur warrior hits you.
* * * LOW HITPOINT WARNING * * *
The centaur warrior kicks you but does no damage.
The centaur warrior hits you!
You die...

###################
#..)..#.)'..#__#..+
').#..'..#..'..'..#
#####'#####'#__####
####..#...#.####§§#
#__####..##.#~§§§c#
#_____##'#_.+~§§@§+
#_.∩...'..._#~§§§c#
#_..__##_.#'##+####
#_____###+#[#
####### ###


You could see 2 centaur warriors.

Vanquished Creatures
  Sigmund (D)
  A slime creature (D)
  A yak (D)
  An ogre (D)
  A jelly (D)
  Ijyb (D)
6 creatures vanquished.

Notes
Turn   | Place    | Note
-------+----------+-------------------------------------------
     0 | D        | Heoruswealwe the Troll Berserker began the quest for the
                  | Orb.
     0 | D        | Reached XP level 1. HP: 22/22 MP: 0/0
     1 | D        | Noticed Ijyb
     9 | D        | Killed Ijyb
    10 | D        | Reached skill level 5 in Unarmed Combat
    10 | D        | Reached XP level 2. HP: 7/31 MP: 1/1
    33 | D        | Noticed an ogre
    39 | D        | Killed an ogre
    40 | D        | Reached skill level 7 in Unarmed Combat
    40 | D        | Reached XP level 3. HP: 40/40 MP: 2/2
    40 | D        | Reached XP level 4. HP: 49/49 MP: 3/3
    43 | D        | Noticed Sigmund
    49 | D        | Killed Sigmund
    49 | D        | Reached ** piety under Trog
    50 | D        | Reached skill level 5 in Fighting
    50 | D        | Reached skill level 5 in Dodging
    50 | D        | Reached skill level 9 in Unarmed Combat
    50 | D        | Reached XP level 5. HP: 53/59 MP: 4/4
    50 | D        | Reached XP level 6. HP: 61/67 MP: 5/5
    82 | D        | Found a burning altar of Makhleb.
    82 | D        | Found a viscous altar of Jiyva.
    82 | D        | Found a shimmering altar of Xom.
    82 | D        | Found a corrupted altar of Lugonu.
    82 | D        | Noticed a slime creature
    87 | D        | Killed a slime creature
    88 | D        | Reached skill level 10 in Unarmed Combat
   105 | D        | Found an ornate altar of the Wu Jian Council.
   105 | D        | Found a shimmering blue altar of Sif Muna.
   107 | D        | Found a radiant altar of Vehumet.
   135 | D        | Found Taffaim's Book Emporium.
   135 | D        | Found an ancient bone altar of Kikubaaqudgha.
   135 | D        | Found a hazy altar of Hepliaklqana.
   135 | D        | Found a stormy altar of Qazlal.
   135 | D        | Found a hide-covered altar of Uskayaw.
   135 | D        | Found a blossoming altar of Fedhas.
   135 | D        | Found a bloodstained altar of Trog.
   135 | D        | Found an iron altar of Okawaru.
   135 | D        | Found a basalt altar of Yredelemnul.
   135 | D        | Found a glowing golden altar of the Shining One.
   135 | D        | Found a snail-covered altar of Cheibriados.
   135 | D        | Found a sacrificial altar of Ru.
   135 | D        | Found a glowing silver altar of Zin.
   135 | D        | Found a shadowy altar of Dithmenos.
   135 | D        | Found a white marble altar of Elyvilon.
   135 | D        | Noticed a yak
   145 | D        | Killed a yak
   145 | D        | Reached *** piety under Trog
   146 | D        | Reached skill level 11 in Unarmed Combat
   146 | D        | Reached XP level 7. HP: 34/78 MP: 6/6
   146 | D        | Found an opulent altar of Gozag.
   147 | D        | Found a sparkling altar of Nemelex Xobeh.
   192 | D        | Noticed a centaur warrior
   192 | D        | Noticed a centaur warrior
   203 | D        | Mangled by a centaur warrior

Illustrated notes

Levels and vault maps discovered:
D:        dungeon_sprint_1 [red_sonja_temple_1, red_sonja_temple_small_1]

Skill      XL: |  1  2  3  4  5  6 |
---------------+-------------------+-----
Fighting       | 3 4 5 7 |  7.0
Dodging        | 3 4 5 7 |  7.0
Unarmed Combat | 5 7 9 11 | 11.4

Action                     |  1- 3 |  4- 6 |  7- 9 || total
---------------------------+-------+-------+-------++-------
  Melee: Unarmed           |    12 |    19 |     4 ||    35
         Punch             |     1 |     1 |     1 ||     3
 Invoke: Berserk           |     1 |       |       ||     1
    Use: Potion            |       |       |     1 ||     1
 Armour: Animal skin       |     1 |     1 |    10 ||    12
  Dodge: Dodged            |     3 |     6 |     5 ||    14
